 Dungeon Crawl Stone Soup version 0.25.1-2-g60ff931df9 (webtiles) character file.

Game seed: 6892298641527420009

44 Impeuri the Sneak (level 3, -7/18 HPs)
             Began as a Vine Stalker Assassin on Aug 20, 2020.
             Mangled by a goblin
             ... wielding a +0 club
             ... led by Robin
              (8 damage)
             ... on level 2 of the Dungeon.
             The game lasted 00:02:06 (1391 turns).

Impeuri the Sneak (Vine Stalker Assassin)           Turns: 1391, Time: 00:02:07

Health: -7/18      AC:  3    Str: 13    XL:     3   Next: 60%
Magic:  0/4        EV: 11    Int: 11    God:
Gold:   48         SH:  0    Dex: 16    Spells: 2/2 levels left

rFire    . . .     SeeInvis .   a - +2 dagger
rCold    . . .     Gourm    .   (no shield)
rNeg     . . .     Faith    .   b - +0 robe
rPois    .         Spirit   +   (no helmet)
rElec    .         Reflect  .   c - +0 cloak
rCorr    .         Harm     .   (no gloves)
MR       .....                  (no boots)
Stlth    +++.......             (no amulet)
HPRegen  0.06/turn              (no ring)
MPRegen  0.09/turn              (no ring)

@: hasted, very quick
A: fangs 2, magic shield, antimagic bite, no potion heal 3, rot immunity
a: no special abilities


You were on level 2 of the Dungeon.
You were very hungry.

You visited 1 branch of the dungeon, and saw 2 of its levels.

You collected 48 gold pieces.

Inventory:

Hand Weapons
 a - a +2 dagger (weapon)
Missiles
 d - 4 poisoned darts (quivered)
 e - 2 curare-tipped darts
Armour
 b - a +0 robe (worn)
 c - a +0 cloak (worn)
Comestibles
 f - a ration


   Skills:
 - Level 1.7 Fighting
 + Level 2.4 Short Blades
 + Level 2.4 Throwing
 - Level 0.7 Dodging
 + Level 5.4 Stealth


You had 2 spell levels left.
You didn't know any spells.
Your spell library was empty.

Dungeon Overview and Level Annotations

Branches:
Dungeon (2/15)

Altars:

Annotations:
D:2 Robin


Innate Abilities, Weirdness & Mutations

You have extremely sharp teeth.
When hurt, damage is shared between your health and your magic reserves.
Your bite disrupts and absorbs the magic of your enemies.
Potions cannot restore your health.
You are immune to rotting.


Message History

It was a potion of haste.
You feel yourself speed up. The goblin closely misses you.
The goblin barely misses you.
You hit the goblin.
You kill the goblin!
You hit the hobgoblin but do no damage.
Robin roars a battlecry!
The goblins go into a battle-frenzy!
The goblin hits you with a +0 club.
You hit the hobgoblin.
The hobgoblin is moderately wounded.
The hobgoblin completely misses you.
You barely miss the hobgoblin.
The hobgoblin is moderately wounded.
The goblin barely misses you.
You hit the hobgoblin. Your bite misses the hobgoblin.
The hobgoblin is almost dead.
You hit the hobgoblin.
You kill the hobgoblin!
The goblin hits you with a +0 club!
You die... #. ... ... #.. ###. .. #..# #... .. +... ##.. ##g #...##... #gg

#....... #.#
##.....# #g#
##...## #@# ##'##
#g# #.# #.#
##########.# #.#
#........#.## #.#
#.######)...## #.#
#.# #.....#
#.###.######)...##
#.........##.#....
#####.###.......##


You could see Robin, 2 hobgoblins and 2 goblins.

Vanquished Creatures
  2 dart slugs (D:1)
  2 leopard geckos (D:1)
  2 giant cockroaches (D:1)
  11 goblins
  4 hobgoblins
  4 kobolds
  4 bats (D:1)
  4 frilled lizards
  2 rats (D:1)
35 creatures vanquished.

Notes
Turn   | Place    | Note
-------+----------+-------------------------------------------
     0 | D:1      | Impeuri the Vine Stalker Assassin began the quest for the
                  | Orb.
     0 | D:1      | Reached XP level 1. HP: 11/11 MP: 2/2
     2 | D:1      | Noticed a tengu
     2 | D:1      | Noticed a minotaur
     4 | D:1      | Noticed a merfolk
     4 | D:1      | Noticed a vampire
     6 | D:1      | Noticed a demigod
     6 | D:1      | Noticed a dwarf
     8 | D:1      | Noticed a naga
     8 | D:1      | Noticed a troll
    10 | D:1      | Noticed a gargoyle
    10 | D:1      | Noticed an elf
    12 | D:1      | Noticed a halfling
    12 | D:1      | Noticed a draconian
    14 | D:1      | Noticed an ogre
    16 | D:1      | Noticed a human
    16 | D:1      | Noticed a spriggan
    18 | D:1      | Noticed a vine stalker
    18 | D:1      | Noticed an octopode
    20 | D:1      | Noticed a centaur
    22 | D:1      | Noticed a demonspawn
    22 | D:1      | Noticed a felid
    26 | D:1      | Noticed a formicid
    26 | D:1      | Noticed a ghoul
   273 | D:1      | Reached skill level 5 in Stealth
   274 | D:1      | Reached XP level 2. HP: 15/15 MP: 3/3
   833 | D:1      | Reached XP level 3. HP: 15/18 MP: 4/4
  1365 | D:2      | Noticed Robin
  1391 | D:2      | Mangled by a goblin

Illustrated notes

Levels and vault maps discovered:
D:1:      kb_arrival_jail, layout_basic, minmay_pentomino_z2
D:2:      layout_loops_corners, kennysheep_doodads, minmay_worlds_worst_comb,
          uniq_robin, uniq_crazy_yiuf_cottage

Skill      XL: |  1 |
---------------+----+-----
Short Blades   | 2 |  2.4
Throwing       | 2 |  2.4
Stealth        | 5 |  5.4
Fighting       | |  1.7
Dodging        | |  0.7

Action                   || total
-------------------------++-------
Melee: Dagger            ||    94
       Bite              ||    21
Throw: Dart              ||     7
  Use: Potion            ||     2
 Stab: Sleeping          ||     4
Armor: Robe              ||    15
       Skin              ||     7
Dodge: Dodged            ||    36
